 Dungeon Crawl Stone Soup version 0.27-a0-1545-g3eddc1d3d3 (webtiles) character file.

Game seed: 10627638355183747486

114 Kinoniko the Chopper (level 4, -2/37 HPs)
             Began as a Minotaur Gladiator on July 13, 2021.
             Slain by an iron imp (3 damage)
             ... summoned by Natasha
             ... on level 3 of the Dungeon.
             The game lasted 00:01:38 (2879 turns).

Kinoniko the Chopper (Minotaur Gladiator)           Turns: 2879, Time: 00:01:38

Health: -2/37      AC:  3    Str: 18    XL:     4   Next: 67%
Magic:  3/3        EV: 13    Int:  5    God:
Gold:   106        SH:  0    Dex: 13    Spells: 3/3 levels left

rFire    + . .     SeeInvis .   a - +0 war axe
rCold    + . .     Faith    .   (no shield)
rNeg     . . .     Spirit   .   b - +0 leather armour
rPois    +         Reflect  .   c - +0 hat
rElec    +         Harm     .   (no cloak)
rCorr    +         Rampage  .   (no gloves)
Will     .....                  (no boots)
Stlth    +.........             (no amulet)
HPRegen  0.12/turn              (no ring)
MPRegen  0.08/turn              (no ring)

@: resistant, slowed, very slow
A: horns 2, retaliatory headbutt
a: no special abilities


You were on level 3 of the Dungeon.
You visited 1 branch of the dungeon, and saw 3 of its levels.

You collected 106 gold pieces.

Inventory:

Hand Weapons
 a - a +0 war axe (weapon)
 q - a +1 flail of holy wrath
Missiles
 d - 3 throwing nets (quivered)
Armour
 b - a +0 leather armour (worn)
 c - a +0 hat (worn)
Wands
 j - a wand of polymorph (9)
Scrolls
 e - a scroll of brand weapon {unknown}
 g - a scroll of enchant weapon {unknown}
 h - 3 scrolls of identify {unknown}
 i - 2 scrolls of amnesia {unknown}
 k - a scroll of enchant armour {unknown}
 n - a scroll of fog {unknown}
 o - a scroll of silence {unknown}
 p - a scroll of teleportation {unknown}
Potions
 l - a potion of flight {unknown}
 m - a potion of might {unknown}


   Skills:
 - Level 2.4 Fighting
 * Level 5.9 Axes
 - Level 2.0 Throwing
 + Level 4.2 Dodging


You had 3 spell levels left.
You didn't know any spells.
Your spell library was empty.

Dungeon Overview and Level Annotations

Branches:
Dungeon (3/15)

Altars:
Vehumet

Shops:
D:1 ?

Annotations:
D:3 Natasha


Innate Abilities, Weirdness & Mutations

You have a pair of horns on your head.
You reflexively headbutt those who attack you in melee.


Message History

You barely miss Natasha. The iron imp hits you.
Natasha claws you but does no damage.
You hit the iron imp but do no damage. You headbutt the iron imp.
The iron imp is heavily wounded.
You barely miss Natasha. Natasha casts a spell at you.
You feel yourself slow down. The iron imp barely misses you.
Natasha barely misses you. You furiously retaliate!
You headbutt Natasha! You barely miss the iron imp.
The iron imp is heavily wounded.
You barely miss Natasha. The iron imp completely misses you.
You furiously retaliate!
You headbutt the iron imp. Natasha barely misses you. The iron imp hits you!
You are too injured to fight recklessly!
You are too injured to fight recklessly!
You are too injured to fight recklessly!
You are too injured to fight recklessly!
You are too injured to fight recklessly!
You are too injured to fight recklessly!
You are too injured to fight recklessly!
You are too injured to fight recklessly!
You are too injured to fight recklessly!
You are too injured to fight recklessly!
You are too injured to fight recklessly!
You are too injured to fight recklessly!
You are too injured to fight recklessly!
Unknown command.
You closely miss Natasha.
Natasha is heavily wounded.
You barely miss the iron imp. Natasha claws you.
* * * LOW HITPOINT WARNING * * *
The iron imp hits you.
* * * LOW HITPOINT WARNING * * *
Natasha barely misses you.
It was a potion of resistance.
You feel protected. Natasha claws you.
* * * LOW HITPOINT WARNING * * *
The iron imp hits you.
You die...

# #. ### ..
#...> #.
####.#.... .. .
## #.#5h.......
...). #.#
#.@##.#..##
....# #.#
#.##........
...#. #.#.
#.......#.
#....
#..###..#.##.#
...#.
#.............
.....
#.#.#.#..####.#
#... #.#.#.#..#
# #.##
#.#.#.#.... ##
#...##.>### #.


You could see an iron imp (summoned) and Natasha.

Vanquished Creatures
  Jessica (D:2)
  Robin (D:2)
  2 worms (D:2)
  A dart slug (D:2)
  6 orcs (D:3)
  7 ball pythons
  7 endoplasms
  2 giant cockroaches
  9 goblins
  10 hobgoblins
  2 quokkas (D:1)
  6 bats (D:1)
  A kobold (D:1)
  3 rats
58 creatures vanquished.

Notes
Turn   | Place    | Note
-------+----------+-------------------------------------------
     0 | D:1      | Kinoniko the Minotaur Gladiator began the quest for the
                  | Orb.
     0 | D:1      | Reached XP level 1. HP: 18/18 MP: 0/0
    85 | D:1      | Reached skill level 4 in Axes
   218 | D:1      | Reached XP level 2. HP: 25/25 MP: 1/1
   253 | D:1      | Found Estankafin's Magic Scroll Boutique.
   397 | D:1      | Found a faded altar of an unknown god.
  1217 | D:2      | Reached XP level 3. HP: 30/30 MP: 2/2
  1251 | D:2      | Noticed Robin
  1264 | D:2      | Reached skill level 5 in Axes
  1268 | D:2      | Killed Robin
  1598 | D:2      | Noticed Jessica
  1602 | D:2      | Killed Jessica
  1603 | D:2      | Reached XP level 4. HP: 30/37 MP: 3/3
  2584 | D:3      | Found a radiant altar of Vehumet.
  2870 | D:3      | Noticed Natasha
  2879 | D:3      | HP: 1/37 [Natasha (3)]
  2879 | D:3      | Slain by an iron imp

Illustrated notes

Levels and vault maps discovered:
D:1:      sevenhm_arrival_forest_fort_large_4, layout_loops_ring,
          shapermc_ecumenical_altar_gd, serial_shops, shop
D:2:      layout_basic, minmay_indecisive_spiral, uniq_jessica, uniq_robin
D:3:      minmay_chambers_of_twos, layout_loops_ring, old_standard_altar,
          serial_aquarium, aquarium_bridge_square [aquarium_subvault_balcony,
          aquarium_subvault_wall, aquarium_subvault_wall,
          aquarium_subvault_bridge], aquarium_window_1, aquarium_window_1,
          aquarium_view_2d, aquarium_view_2d, uniq_natasha

Skill      XL: |  1  2  3 |
---------------+----------+-----
Axes           | 4 5 |  5.9
Dodging        | 4 |  4.2
Fighting       | |  2.4
Throwing       | |  2.0

Action                   |  1- 3 |  4- 6 || total
-------------------------+-------+-------++-------
Melee: War axe           |    50 |    44 ||    94
       Headbutt          |     7 |     6 ||    13
  Use: Potion            |       |     1 ||     1
Armor: Leather armour    |    19 |     5 ||    24
Dodge: Dodged            |    42 |    32 ||    74

Table legend: (Time is in decaauts)
 A = Elapsed time spent in this place.
 B = Non-inter-level travel time spent in this place.
 C = Inter-level travel time spent in this place.
 D = Time resting spent in this place.
 E = Time spent auto-exploring this place.
 F = Levels seen in this place.
 G = Mean time per level.
                   A        B        C        D        E       F      G
               +--------+--------+--------+--------+--------+-----+--------+
         Total |   2902 |   2848 |     54 |    395 |   2182 |   3 |  967.3 |
       Dungeon |   2902 |   2848 |     54 |    395 |   2182 |   3 |  967.3 |
               +--------+--------+--------+--------+--------+-----+--------+

Top non-repeatable levels by time:
     D:2: 1298 daAuts
     D:1: 1161 daAuts
     D:3: 443 daAuts
